 Dungeon Crawl Stone Soup version 0.26.1-11-gd32895ea62 (webtiles) character file.

Game seed: 12428522434500787102

93 Thatpatchoflichen the Skirmisher (level 4, -2/41 HPs)
             Began as a Hill Orc Fighter on Apr 16, 2021.
             Slain by a water moccasin (7 damage)
             ... on level 3 of the Dungeon.
             The game lasted 00:03:29 (1391 turns).

Thatpatchoflichen the Skirmisher (Hill Orc Fighter) Turns: 1391, Time: 00:03:30

Health: -2/41      AC:  7    Str: 18    XL:     4   Next: 62%
Magic:  4/4        EV:  7    Int:  8    God:
Gold:   57         SH:  9    Dex: 11    Spells: 3/3 levels left

rFire    . . .     SeeInvis .   a - +0 war axe
rCold    . . .     Faith    .   c - +0 kite shield
rNeg     . . .     Spirit   .   b - +0 scale mail
rPois    .         Reflect  .   (no helmet)
rElec    .         Harm     .   f - scarf {+Inv}
rCorr    .         Rampage  .   (no gloves)
Will     .....                  (no boots)
Stlth    ..........             (no amulet)
HPRegen  0.13/turn              (no ring)
MPRegen  0.09/turn              (no ring)

@: lethally poisoned (-2 -> -6)
A: no striking features
a: Evoke Invisibility


You were on level 3 of the Dungeon.
You visited 1 branch of the dungeon, and saw 3 of its levels.

You collected 57 gold pieces.

Inventory:

Hand Weapons
 a - a +0 war axe (weapon)
Missiles
 k - 13 poisoned darts (quivered)
Armour
 b - a +0 scale mail (worn)
 c - a +0 kite shield (worn)
 f - a scarf of invisibility (worn)
Scrolls
 e - a scroll of magic mapping {unknown}
 h - 3 scrolls of immolation {unknown}
 i - 5 scrolls of identify {unknown}
 o - a scroll of fog {unknown}
Potions
 d - a potion of might
 g - 3 potions of curing {unknown}
 j - a potion of lignification {unknown}
 l - a potion of flight {unknown}
 m - a potion of brilliance {unknown}
 n - 2 potions of attraction {unknown}


   Skills:
 + Level 4.3 Fighting
 + Level 3.9 Axes
 + Level 4.0 Armour
 + Level 4.0 Shields


You had 3 spell levels left.
You didn't know any spells.
Your spell library was empty.

Dungeon Overview and Level Annotations

Branches:
Dungeon (3/15)

Altars:
Makhleb
Qazlal


Message History

You hear the slow rusting of a distant drain.
You feel sick. The water moccasin bites you. x2
You barely miss the water moccasin.
The water moccasin is heavily wounded.
You feel sick. You block the water moccasin's attack.
You closely miss the water moccasin.
The water moccasin is heavily wounded.
You feel sick. The water moccasin bites you.
* * * LOW HITPOINT WARNING * * *
You block the water moccasin's attack.
You closely miss the water moccasin.
The water moccasin is heavily wounded.
The water moccasin bites you.
* * * LOW HITPOINT WARNING * * *
You block the water moccasin's attack.
You closely miss the water moccasin.
The water moccasin is heavily wounded.
* * * LOW HITPOINT WARNING * * *
You feel sick. The water moccasin bites you!
You die...

#### # ###...#
.##
....?..#####....
#...S@......#
#####...#####
#...# #...#
#..$# ##.## #.#
#.#####
###.....#


You could see a water moccasin.

Vanquished Creatures
  An adder (D:2)
  An ooze (D:2)
  2 worms (D:2)
  A dart slug (D:1)
  4 leopard geckos
  3 ball pythons
  9 bats
  3 giant cockroaches
  9 goblins
  4 hobgoblins
  6 jackals (D:2)
  9 kobolds
  2 quokkas
  A frilled lizard (D:1)
  8 rats
63 creatures vanquished.

Notes
Turn   | Place    | Note
-------+----------+-------------------------------------------
     0 | D:1      | Thatpatchoflichen the Hill Orc Fighter began the quest for
                  | the Orb.
     0 | D:1      | Reached XP level 1. HP: 19/19 MP: 1/1
    90 | D:1      | Reached XP level 2. HP: 27/27 MP: 2/2
   309 | D:1      | Reached XP level 3. HP: 33/33 MP: 3/3
   767 | D:2      | Reached XP level 4. HP: 40/40 MP: 4/4
  1101 | D:2      | Found a burning altar of Makhleb.
  1328 | D:3      | Found a stormy altar of Qazlal.
  1379 | D:3      | Noticed a water moccasin
  1391 | D:3      | Slain by a water moccasin

Illustrated notes

Levels and vault maps discovered:
D:1:      lordsloth_arrival_two_stooges, layout_basic, serial_bayou_lagoon_a,
          minmay_domino_2
D:2:      minmay_angry_zag, layout_loops_cross, overflow_temple_1_default,
          st_stairs_9
D:3:      layout_loops_cross, general_overflow_altar, kennysheep_slug_shrine,
          grunt_temple_overflow_open, portal_sewer_entry_a,
          nicolae_tso_swordbearing_angel, uniq_natasha

Skill      XL: |  1  2  3  4 |
---------------+-------------+-----
Axes           | 3 |  3.9
Fighting       | 4 |  4.3
Armour         | 4 |  4.0
Shields        | 4 |  4.0

Action                   |  1- 3 |  4- 6 || total
-------------------------+-------+-------++-------
Melee: War axe           |    85 |    85 ||   170
Armor: Scale mail        |    61 |    53 ||   114
Dodge: Dodged            |    24 |    40 ||    64
Block: Kite shield       |    76 |    51 ||   127
